 Dungeon Crawl Stone Soup version 0.31-a0-977-gc230f8ef24 (webtiles) character file.

Game seed: 7848474013351020

786 Dirtsage the Ruffian (level 7, -6/47 HPs)
             Began as an Octopode Shapeshifter on Oct 29, 2023.
             Killed from afar by an orc wizard (9 damage)
             ... with a puff of flame
             ... on level 4 of the Dungeon.
             The game lasted 00:06:27 (4090 turns).

Dirtsage the Ruffian (Octopode Shapeshifter)        Turns: 4090, Time: 00:06:28

Health: -6/47      AC:  1    Str: 14    XL:     7   Next: 86%
Magic:  7/7        EV: 13    Int: 12    God:
Gold:   108        SH:  5    Dex: 13    Spells: 6/6 levels left

rFire   . .          .
                       - Unarmed
rCold   + . .        (no shield)
rNeg    . . .        (helmet currently unavailable)
rPois   .            j - amulet of reflection
rElec   .            I - ring of protection from cold
rCorr   .            (no ring)
SInv    .            (no ring)
Will    .....        (no ring)
Stlth   ++           (no ring)
HPRegen 0.27/turn    (no ring)
MPRegen 0.10/turn    (no ring)
                     (no ring)

%: reflection
@: beast-form
A: beast (slay +3), almost no armour, amphibious, 8 rings, camouflage 1,
gelatinous body 1, (nimble swimmer 1), tentacles
a: Begin Untransformation


You were on level 4 of the Dungeon.
You were a hulking beast.
You visited 1 branch of the dungeon, and saw 5 of its levels.

You collected 108 gold pieces.

Inventory:

Jewellery
 j - an amulet of reflection (around mantle)
 I - a ring of protection from cold (left tentacle)
Talismans
 b - a beast talisman
 c - a flux talisman
Scrolls
 e - a scroll of silence {unknown}
 k - a scroll of noise {unknown}
 m - a scroll of vulnerability {unknown}
 n - a scroll of fear {unknown}
 o - a scroll of enchant weapon {unknown}
 t - 2 scrolls of teleportation
Potions
 a - 2 potions of lignification
 d - a potion of might
 f - 2 potions of brilliance
 g - 2 potions of haste {unknown}
 h - a potion of enlightenment {unknown}
 l - a potion of heal wounds
 p - 2 potions of attraction
 q - a potion of ambrosia {unknown}


   Skills:
 + Level 3.6 Fighting
 - Level 2.0 Dodging
 * Level 6.2 Unarmed Combat
 * Level 5.7 Shapeshifting


You had 6 spell levels left.
You didn't know any spells.
Your spell library contained the following spells:

 Spells                   Type           Power      Damage    Failure   Level
 Dazzling Flash           Conj/Hex       0%         N/A       69%         3
 Agony                    Necr           0%         N/A       100%        5
 Silence                  Hex/Air        0%         N/A       100%        5


Dungeon Overview and Level Annotations

Branches:
Dungeon (5/15)
 Temple: D:4-7

Altars:
Okawaru
Sif Muna


Innate Abilities, Weirdness & Mutations

You are a hulking beast.
Your limbs bulge with bestial killing power. (Slay +3)
You cannot wear most types of armour.
You are amphibious.
You can wear up to eight rings at the same time.
Your skin changes colour to match your surroundings (Stealth+).
Your rubbery body absorbs attacks. (AC +1, EV +1)
((You are camouflaged when in or above water. (Stealth+)))
You have tentacles for arms and can constrict up to eight enemies at once.


Message History

* * * LOW HITPOINT WARNING * * *
The orc priest completely misses you.
You climb upwards.
Reactivating autopickup.
There is a stone staircase leading down here.
You take 1 damage, and have 13/47 hp.
You tentacle-slap the orc priest. Your squeeze misses the orc priest.
The orc priest is lightly wounded.
Something hits you.
* * * LOW HITPOINT WARNING * * *
Deactivating autopickup; reactivate with Ctrl-A.
You take 1 damage, and have 12/47 hp.
You feel much better.
You feel less confused. You block the orc priest's attack. Something hits you.
You regained 15 hp, and now have 27/47 hp.
You tentacle-slap the orc priest. You grab the orc priest.
You squeeze the orc priest.
The orc priest is severely wounded.
You constrict the orc priest.
The orc priest hits you with a +0 hand axe.
You hear some strange, mumbled words.
A puff of flame appears from out of thin air!
The puff of flame hits you!
* * * LOW HITPOINT WARNING * * *
You take 13 damage, and have 14/47 hp.
MASSIVE DAMAGE!!
You tentacle-slap the orc priest.
The orc priest is almost dead.
You constrict the orc priest.
The orc priest hits you with a +0 hand axe!
* * * LOW HITPOINT WARNING * * *
Something hits you.
* * * LOW HITPOINT WARNING * * *
You take 11 damage, and have 3/47 hp.
MASSIVE DAMAGE!!
You bludgeon the orc priest!
You kill the orc priest!
You hear some strange, mumbled words.
A puff of flame appears from out of thin air!
The puff of flame hits you!
You die...

##################
#.................
#{################
#h# #......#....
#)# #.####.#.#..
#.#####.#....#.#.#
#....#.........#)#
#.##.#######.###.#
###.##.........#
#)#
#.......########
#)#
#.......#######
#)#
#.............##
#).


There were no monsters in sight!

Vanquished Creatures
  Grinder (D:3)
  An ogre (D:5)
  2 scorpions
  3 hounds
  2 orc priests (D:4)
  2 iguanas
  2 orc wizards
  5 adders
  2 ufetubi (D:4)
  2 worms (D:3)
  A dart slug (D:1)
  14 orcs
  7 endoplasms
  2 giant cockroaches (D:1)
  7 goblins
  9 hobgoblins
  7 jackals
  3 quokkas
  7 ball pythons
  3 bats (D:1)
  10 kobolds
  6 rats
98 creatures vanquished.

Notes
Turn   | Place    | Note
-------+----------+-------------------------------------------
     0 | D:1      | Dirtsage the Octopode Shapeshifter began the quest for the
                  | Orb.
     0 | D:1      | Reached XP level 1. HP: 13/13 MP: 1/1
   123 | D:1      | Reached XP level 2. HP: 17/18 MP: 2/2
   585 | D:1      | Reached XP level 3. HP: 22/23 MP: 3/3
  1229 | D:2      | Found a shimmering blue altar of Sif Muna.
  1529 | D:2      | Reached XP level 4. HP: 27/29 MP: 4/4
  2223 | D:3      | Reached skill level 4 in Unarmed Combat
  2239 | D:3      | Noticed Grinder
  2247 | D:3      | Paralysed by Grinder for 2 turns
  2254 | D:3      | Killed Grinder
  2255 | D:3      | Reached XP level 5. HP: 12/35 MP: 5/5
  2255 | D:3      | Reached XP level 6. HP: 14/41 MP: 6/6
  2529 | D:4      | Found an iron altar of Okawaru.
  2550 | D:4      | Reached skill level 5 in Unarmed Combat
  2892 | D:4      | Identified the +1 robe of Demons {rN+ rCorr Str+8 Dex-5}
  3456 | D:4      | Reached skill level 5 in Shapeshifting
  3456 | D:4      | Reached XP level 7. HP: 31/46 MP: 7/7
  3839 | D:5      | Entered Level 5 of the Dungeon
  3988 | D:5      | Reached skill level 6 in Unarmed Combat
  4090 | D:4      | Killed from afar by an orc wizard

Illustrated notes

Levels and vault maps discovered:
D:1:      minmay_arrival_checkered_box, layout_basic, nicolae_hexahallways,
          minmay_pentomino_s4
D:2:      layout_loops_ring, basic_altar
D:3:      layout_loops_ring, uniq_grinder
D:4:      layout_basic, okawaru_ov_weapons_minmay, minmay_close_crescents
D:5:      layout_loops_ring, chequers_temple_overflow_statue_of_worship,
          uniq_blork_the_orc

Skill      XL: |  1  2  3  4  5  6  7 |
---------------+----------------------+-----
Unarmed Combat | 4 5 6 |  6.2
Fighting       | 2 3 |  3.6
Shapeshifting  | 4 5 |  5.7
Dodging        | |  2.0

Action                     |  1- 3 |  4- 6 |  7- 9 || total
---------------------------+-------+-------+-------++-------
  Melee: Unarmed           |    79 |   112 |    37 ||   228
         Constrict         |    15 |    31 |    12 ||    58
         Tentacles         |    11 |    23 |     9 ||    43
         Punch             |     3 |       |     1 ||     4
    Use: Scroll            |       |     5 |       ||     5
         Potion            |       |       |     1 ||     1
   Stab: Sleeping          |    11 |     9 |     1 ||    21
 Armour: Skin              |    27 |    44 |    25 ||    96
  Dodge: Dodged            |    42 |    60 |    15 ||   117
  Block: Other             |    16 |    23 |     5 ||    44

Table legend: (Time is in decaauts)
 A = Elapsed time spent in this place.
 B = Non-inter-level travel time spent in this place.
 C = Inter-level travel time spent in this place.
 D = Time resting spent in this place.
 E = Time spent auto-exploring this place.
 F = Levels seen in this place.
 G = Mean time per level.
                   A        B        C        D        E       F      G
               +--------+--------+--------+--------+--------+-----+--------+
         Total |   4071 |   3940 |    131 |     95 |   3152 |   5 |  814.2 |
       Dungeon |   4071 |   3940 |    131 |     95 |   3152 |   5 |  814.2 |
               +--------+--------+--------+--------+--------+-----+--------+

Top non-repeatable levels by time:
     D:4: 1279 daAuts
     D:1: 1075 daAuts
     D:3: 765 daAuts
     D:2: 708 daAuts
     D:5: 242 daAuts
